 Dungeon Crawl Stone Soup version 0.18-a0-917-g8a3da5b (webtiles) character file.

147 dvd the Insei (level 5, 0/37 HPs)
             Began as a Merfolk Transmuter on Dec 26, 2015.
             Killed by divine providence
             ... invoked by an orc priest
              (11 damage)
             ... on level 3 of the Dungeon.
             The game lasted 00:09:35 (2917 turns).

dvd the Insei (Merfolk Transmuter)                  Turns: 2917, Time: 00:09:35

Health: 0/37       AC:  2    Str: 10    XL:     5   Next: 29%
Magic:  7/9        EV: 23    Int: 14    God:
Gold:   83         SH:  0    Dex: 23    Spells: 2 memorised, 6 levels left

rFire  . . .     SeeInvis .       - Unarmed
rCold  . . .     Gourm    .     (armour currently unavailable)
rNeg   . . .     Faith    .     (shield currently unavailable)
rPois  x         Spirit   .     (helmet currently unavailable)
rElec  .         Dismiss  .     (cloak currently unavailable)
rCorr  .         Reflect  .     (gloves currently unavailable)
SustAt .         Harm     .     (boots currently unavailable)
MR     .....                    (no amulet)
Stlth  +++.......               (no ring)
                                a - +4 ring of dexterity

@: spider-form (expiring), not resistant to hostile enchantments, fairly
stealthy
A: (change form in water), (swift swim)
a: End Transformation


You were on level 3 of the Dungeon.
You were not hungry.
You were a venomous arachnid creature.
You visited 1 branch of the dungeon, and saw 3 of its levels.

You collected 83 gold pieces.

Inventory:

Hand Weapons
 p - a +2 dagger of flaming
Armour
 b - a +0 robe
 k - a +0 robe (melded)
Jewellery
 a - a +4 ring of dexterity (left front leg)
 h - an uncursed ring of teleportation
Wands
 m - a wand of frost (32/48)
Scrolls
 e - 4 scrolls of remove curse
 g - a scroll of identify
Potions
 f - a potion of might {unknown}
 j - a potion of lignification {unknown}
 l - a potion of agility {unknown}
Books
 c - a book of Changes

   Spells                             Type                      Level
   a - Beastly Appendage              Transmutation                1
   b - Sticks to Snakes               Transmutation                2
   c - Spider Form                    Transmutation/Poison         3
   d - Ice Form                       Ice/Transmutation            4
   e - Blade Hands                    Transmutation                5
Comestibles
 d - 2 bread rations
 i - 2 chunks of flesh
 n - a meat ration


   Skills:
 + Level 1.4 Fighting
 + Level 3.6 Dodging
 + Level 1.6 Stealth
 + Level 4.0 Unarmed Combat
 * Level 3.1 Spellcasting
 + Level 3.8 Transmutations
 + Level 0.2 Poison Magic


You had 6 spell levels left.
You knew the following spells:

 Your Spells              Type           Power        Failure   Level  Hunger
a - Beastly Appendage     Trmt           ##....       14%         1    #......
b - Spider Form           Trmt/Pois      #.........   52%         3    ###....


Dungeon Overview and Level Annotations

Branches:
Dungeon (3/15)

Altars:


Message History

You barely miss the orc. The orc closely misses you.
The orc priest mumbles some strange prayers to Beogh against you.
Something smites you!
The orc shouts!
The orc priest shouts!
You barely miss the orc. The orc completely misses you.
You bite the orc!
You kill the orc!
You barely miss the orc priest. The orc priest closely misses you.
You hit the orc priest.
The orc priest is poisoned.
The orc priest is moderately wounded.
Your transformation is almost over.
The orc priest calls down the wrath of Beogh upon you.
Pain shoots through your body!
* * * LOW HITPOINT WARNING * * *
You hit the orc priest but do no damage.
The orc priest looks even sicker.
The orc priest is moderately wounded.
The orc priest mumbles some strange prayers to Beogh against you.
Something smites you!
You die...

##.#########....#.#.# #.#
#...##.#.# #.# #...##.#.#
##+# #........# #...#
###.###### .....# #......#
......# ##.#.##.#
..o....####....##.#######.
.......ooos...............
.......####....##.#######.
.o(...# ##.#.##.# .....#
#......# #...# ###.####
...# #.# #.. #.# #. #.#
#.#


You could see 2 orc priests and an orc.

Vanquished Creatures
  Natasha (thrice) (D:2)
  5 adders
  3 worms
  An orc (D:3)
  A ball python (D:1)
  12 bats
  7 hobgoblins
  4 jackals (D:3)
  4 kobolds
  A giant cockroach (D:3)
  A giant gecko (D:1)
  4 giant newts (D:2)
  7 goblins
  8 rats
61 creatures vanquished.

Notes
Turn   | Place    | Note
--------------------------------------------------------------
     0 | D:1      | dvd the Merfolk Transmuter began the quest for the Orb.
     0 | D:1      | Reached XP level 1. HP: 15/15 MP: 3/3
    67 | D:1      | Reached XP level 2. HP: 18/21 MP: 5/5
   634 | D:1      | Reached XP level 3. HP: 22/26 MP: 4/6
  1040 | D:2      | Learned a level 3 spell: Spider Form
  1232 | D:2      | Noticed Natasha
  1246 | D:2      | Killed Natasha
  1246 | D:2      | Reached XP level 4. HP: 12/32 MP: 2/8
  1437 | D:2      | Noticed Natasha
  1460 | D:2      | Killed Natasha
  1593 | D:2      | Reached skill level 1 in Stealth
  1755 | D:2      | Noticed Natasha
  1760 | D:2      | Killed Natasha
  2423 | D:3      | Reached skill level 4 in Unarmed Combat
  2423 | D:3      | Reached XP level 5. HP: 37/37 MP: 4/9
  2917 | D:3      | Killed from afar by an orc priest

Vault maps used:
D:1:      lightli_iron_boxes
D:2:      uniq_natasha

Action                   |  1- 3 |  4- 6 || total
-------------------------+-------+-------++-------
Melee: Unarmed           |    76 |   102 ||   178
 Cast: Beastly Appendage |    15 |    10 ||    25
       Spider Form       |     2 |    11 ||    13
  Use: Potion            |     2 |       ||     2
       Scroll            |       |     7 ||     7
 Stab: Sleeping          |     2 |     3 ||     5
  Eat: Chunk             |     2 |     7 ||     9
